 Dungeon Crawl Stone Soup version 0.18.1-50-g88ac8fd (webtiles) character file.

1500 theElss the Covered (level 8, -5/51 HPs)
             Began as a Gargoyle Berserker on Oct 16, 2016.
             Was a Priest of Trog.
             Killed from afar by a steam dragon (15 damage)
             ... with a ball of steam
             ... on level 7 of the Dungeon.
             The game lasted 00:13:10 (6755 turns).

theElss the Covered (Gargoyle Berserker)            Turns: 6755, Time: 00:13:11

Health: -5/51      AC: 14    Str: 22    XL:     8   Next: 81%
Magic:  8/8        EV:  7    Int:  9    God:    Trog [***...]
Gold:   147        SH:  0    Dex:  9    Spells: 0 memorised, 7 levels left

rFire  . . .     SeeInvis .     a - +0 mace
rCold  . . .     Gourm    .     i - +0 ring mail (curse)
rNeg   + . .     Faith    .     (no shield)
rPois  ∞         Spirit   .     m - +0 helmet
rElec  +         Dismiss  .     y - +0 cloak
rCorr  .         Reflect  .     (no gloves)
SustAt +         Harm     .     (no boots)
MR     .....                    (no amulet)
Stlth  ..........               (no ring)
                                l - ring of sustain attributes

@: not resistant to hostile enchantments, extremely unstealthy
A: negative energy resistance 1, electricity resistance, unbreathing,
petrification resistance, rot immunity, AC +5
a: Berserk, Trog's Hand, Burn Spellbooks, Renounce Religion


You were on level 7 of the Dungeon.
You worshipped Trog.
Trog was most pleased with you.
You were not hungry.

You visited 1 branch of the dungeon, and saw 7 of its levels.

You collected 394 gold pieces.
You spent 247 gold pieces at shops.

Inventory:

Hand Weapons
 a - a +0 mace (weapon)
Armour
 i - a cursed +0 ring mail (worn)
 m - a +0 helmet (worn)
 y - a +0 cloak (worn)
Jewellery
 l - a ring of sustain attributes (left hand)
 p - an uncursed ring of flight
 B - an uncursed ring of ice
Scrolls
 b - a scroll of blinking {unknown}
 e - 10 scrolls of identify {unknown}
 f - 5 scrolls of remove curse {unknown}
 o - 2 scrolls of enchant weapon {unknown}
 s - a scroll of immolation {unknown}
 t - a scroll of vulnerability {unknown}
 u - a scroll of random uselessness {unknown}
 A - a scroll of magic mapping {unknown}
 C - a scroll of amnesia {unknown}
Potions
 g - 2 potions of curing
 h - 2 potions of heal wounds
 k - 2 potions of ambrosia {unknown}
 n - 3 potions of might
 q - 2 potions of mutation {unknown}
 r - 2 potions of lignification {unknown}
 v - 3 potions of flight
 x - a potion of agility
 D - a potion of berserk rage {unknown}
Books
 z - a book of Clouds

   Spells                             Type                      Level
   a - Mephitic Cloud                 Conjuration/Poison/Air       3
   b - Conjure Flame                  Conjuration/Fire             3
   c - Poisonous Cloud                Conjuration/Poison/Air       6
   d - Freezing Cloud                 Conjuration/Ice/Air          6
   e - Ring of Flames                 Charms/Fire                  7
   Trog disapproves of the use of such an item.
Comestibles
 c - 3 bread rations
 d - 3 beef jerkies
 j - 3 chunks of flesh
 w - 2 meat rations


   Skills:
 + Level 5.9 Fighting
 + Level 6.0 Maces & Flails
 + Level 6.3 Armour
 + Level 5.2 Dodging


You had 7 spell levels left.
You didn't know any spells.

Dungeon Overview and Level Annotations

Branches:
Dungeon (7/15)             Temple (0/1) D:4

Altars:
Elyvilon
Gozag
Nemelex Xobeh
Okawaru
Pakellas

Shops:
D:5 !


Innate Abilities, Weirdness & Mutations

You are resistant to torment.
Your stone body is resilient (AC +5).
You are immune to poison.
You resist negative energy.
You are resistant to electric shocks.
You can survive without breathing.
You are immune to petrification.
You are immune to rotting.


Message History

You now have 147 gold pieces (gained 11).
A steam dragon and a shadow imp come into view.
The shadow imp shouts!
The steam dragon moves out of view.
Found a fizzy white potion.
The steam dragon breathes steam at you. The ball of steam hits you!
The steam dragon breathes steam at you. The ball of steam hits you!
An ogre comes into view. It is wielding a giant club.
The ogre is engulfed in a cloud of scalding steam.
There is a stone staircase leading up here.
The shadow imp gestures at you. Pain shoots through your body!
The shadow imp gestures at you. Pain shoots through your body!
* * * LOW HITPOINT WARNING * * *
The steam dragon breathes steam at you. The ball of steam hits you!
You die...

..D§......#
...§......#
...§§..$.# .
... #.§O# ..
..####.## ..
..# #D5# ##.#
.. #.§###...#
#. #..§.....#
#.##...@.##..
#..#..##.....#
#........##..#
##.......# #
#.......#
#.......#
#.......#
#.......#
#########


There were no monsters in sight!

Vanquished Creatures
  A water moccasin (D:5)
  Duvessa (D:5)
  A black bear (D:6)
  2 phantoms (D:4)
  2 ogres
  A giant frog (D:6)
  Dowan (D:5)
  3 scorpions
  A giant frog zombie (D:5)
  A howler monkey (D:5)
  A giant frog skeleton (D:5)
  4 hounds (D:6)
  A jelly (D:6)
  An orc wizard (D:5)
  4 worker ants
  A hound zombie (D:6)
  A hound skeleton (D:6)
  4 gnolls (D:4)
  4 adders
  2 shadow imps
  5 worms
  4 dart slugs
  3 giant geckos
  11 orcs
  2 ball pythons (D:2)
  3 bats
  2 giant cockroaches
  4 goblins
  5 hobgoblins
  4 jackals (D:6)
  2 quokkas
  2 giant gecko skeletons
  7 giant newts
  5 kobolds
  7 rats
103 creatures vanquished.

Notes
Turn   | Place    | Note
--------------------------------------------------------------
     0 | D:1      | theElss the Gargoyle Berserker began the quest for the Orb.
     0 | D:1      | Reached XP level 1. HP: 14/14 MP: 1/1
   673 | D:1      | Reached XP level 2. HP: 19/19 MP: 2/2
  1250 | D:2      | Found a white marble altar of Elyvilon.
  1291 | D:2      | Reached XP level 3. HP: 24/24 MP: 3/3
  1375 | D:2      | Reached ** piety under Trog
  1883 | D:3      | Reached XP level 4. HP: 29/29 MP: 4/4
  2399 | D:4      | Found an opulent altar of Gozag.
  2401 | D:4      | Found an oddly glowing altar of Pakellas.
  2422 | D:4      | Found a sparkling altar of Nemelex Xobeh.
  2477 | D:4      | Reached XP level 5. HP: 4/33 MP: 5/5
  2760 | D:4      | Noticed an ogre
  2765 | D:4      | Killed an ogre
  2765 | D:4      | Reached XP level 6. HP: 27/39 MP: 6/6
  2988 | D:4      | Found a staircase to the Ecumenical Temple.
  3336 | D:4      | Noticed a phantom
  3359 | D:4      | Killed a phantom
  3359 | D:4      | Reached XP level 7. HP: 34/44 MP: 7/7
  3799 | D:4      | Found an iron altar of Okawaru.
  3856 | D:5      | Entered Level 5 of the Dungeon
  4025 | D:5      | Reached skill level 5 in Fighting
  4025 | D:5      | Reached skill level 5 in Maces & Flails
  4025 | D:5      | Reached skill level 5 in Armour
  4294 | D:5      | Found Liditet's Distillery.
  4305 | D:5      | Bought a potion of heal wounds for 65 gold pieces
  4305 | D:5      | Bought a potion of curing for 39 gold pieces
  4305 | D:5      | Bought a potion of agility for 52 gold pieces
  4305 | D:5      | Bought a potion of flight for 39 gold pieces
  4305 | D:5      | Bought a potion of might for 52 gold pieces
  4601 | D:5      | Noticed Dowan
  4603 | D:5      | Noticed Duvessa
  4629 | D:5      | Killed Duvessa
  4629 | D:5      | Reached XP level 8. HP: 50/50 MP: 8/8
  4657 | D:5      | Killed Dowan
  6191 | D:6      | Reached *** piety under Trog
  6191 | D:6      | Reached skill level 5 in Dodging
  6755 | D:7      | Killed from afar by a steam dragon

Skill      XL: |  1  2  3  4  5  6  7  8 |
---------------+-------------------------+-----
Dodging        | 2 3 4 5 |  5.2
Fighting       | 4 5 |  5.9
Armour         | 3 4 5 6 |  6.3
Maces & Flails | 4 5 6 |  6.0

Action                   |  1- 3 |  4- 6 |  7- 9 || total
-------------------------+-------+-------+-------++-------
Melee: Mace              |   124 |   162 |   291 ||   577
Invok: Berserk           |     1 |     2 |     4 ||     7
  Eat: Chunk             |     4 |     6 |    13 ||    23
       Pizza             |       |     1 |       ||     1
       Royal jelly       |       |       |     1 ||     1
Armor: Animal skin       |    11 |       |       ||    11
       Ring mail         |    35 |    66 |   174 ||   275
Dodge: Dodged            |    77 |    92 |   229 ||   398
